 Dungeon Crawl Stone Soup version 0.20.1-1-g8b1a95d (webtiles) character file.

718 Linguinho the Skirmisher (level 7, -3/55 HPs)
             Began as a Demonspawn Fighter on Nov 11, 2017.
             Succumbed to Linguinho's ghost's poison
             ... on level 5 of the Dungeon.
             The game lasted 00:07:21 (4101 turns).

Linguinho the Skirmisher (Demonspawn Fighter)       Turns: 4101, Time: 00:07:22

Health: -3/55      AC:  8    Str: 18    XL:     7   Next: 42%
Magic:  7/7        EV:  9    Int: 15    God:
Gold:   262        SH:  9    Dex: 12    Spells: 6/6 levels left

rFire    . . .     SeeInvis .   n - +2 hand axe (vamp)
rCold    . . .     Gourm    .   c - +0 shield
rNeg     . . .     Faith    .   b - +0 scale mail
rPois    .         Spirit   .   (no helmet)
rElec    .         Reflect  .   (no cloak)
rCorr    .         Harm     .   (no gloves)
MR       .....                  q - +0 pair of boots (curse)
Stlth    ..........             (no amulet)
Regen    0.2/turn               (no ring)
MPRegen  0.1/turn               (no ring)

@: brilliant, lethally poisoned (-3 -> -77), flying
A: spiny 1, sturdy frame 2
a: no special abilities


You were on level 5 of the Dungeon.
You were not hungry.

You visited 1 branch of the dungeon, and saw 5 of its levels.

You collected 262 gold pieces.

Inventory:

Hand Weapons
 a - a +0 war axe
 n - a +2 vampiric hand axe (weapon)
Armour
 b - a +0 scale mail (worn)
 c - a +0 shield (worn)
 q - a cursed +0 pair of boots (worn)
 v - a +0 helmet
Jewellery
 y - an uncursed ring of wizardry {unknown}
Wands
 p - a wand of iceblast (7/15)
 u - a wand of confusion (28/48)
 z - a wand of digging (0/24)
 B - a wand of iceblast (11/15)
 E - a wand of flame (7/48)
Scrolls
 d - a scroll of blinking {unknown}
 g - 9 scrolls of identify {unknown}
 h - 2 scrolls of remove curse {unknown}
 k - 2 scrolls of immolation {unknown}
 l - a scroll of teleportation {unknown}
 t - 4 scrolls of recharging {unknown}
 w - a scroll of fog {unknown}
 C - 3 scrolls of enchant armour {unknown}
 D - 2 scrolls of noise {unknown}
Potions
 e - 2 potions of haste
 j - a potion of lignification {unknown}
 m - a potion of ambrosia
 r - 2 potions of brilliance
 x - a potion of berserk rage {unknown}
Comestibles
 f - 7 bread rations
 o - 4 royal jellies
 A - 5 fruits


   Skills:
 + Level 4.5 Fighting
 + Level 4.0 Axes
 + Level 4.2 Armour
 + Level 2.4 Dodging
 + Level 1.3 Stealth
 + Level 4.3 Shields


You had 6 spell levels left.
You didn't know any spells.

Dungeon Overview and Level Annotations

Branches:
Dungeon (5/15)
 Temple: D:4-7

Altars:
Elyvilon
Fedhas
Hepliaklqana
The Shining One

Annotations:
D:5 Linguinho's ghost, novice DsFi


Innate Abilities, Weirdness & Mutations

You are partially covered in sharp spines.
Your movements are less encumbered by armour. (ER -4)


Message History

You feel less invigorated.
You feel less confused.
You feel very sick.
Linguinho's ghost hits you but does no damage.
You are more poisoned.
* * * LOW HITPOINT WARNING * * *
You feel very sick.
Linguinho's ghost hits you but does no damage.
You are more poisoned.
You hit Linguinho's ghost but do no damage.
Linguinho's ghost is moderately damaged.
* * * LOW HITPOINT WARNING * * *
You feel extremely sick.
Linguinho's ghost is struck by your spines.
Linguinho's ghost hits you.
* * * LOW HITPOINT WARNING * * *
It was a potion of flight.
You feel very buoyant.
You fly up into the air.
You die...

#....##...#.....'.....
#....##...#.....#.....
#.........#.....######
#.........#.....#
#.........#.....#
#.........#.....#
#....###+##.....#
#....##...#.....######
#....@W...#.....#.....
#....##...#.....#.....
###### ...#..(..#.....
...#.....#.....
...#.....#.....
...#.....#.....
...#.....'.....
...#.....#.....
#.....#.....


You could see Linguinho's ghost.

Vanquished Creatures
  Sigmund (D:4)
  A centaur (D:5)
  A scorpion (D:4)
  2 bullfrog zombies (D:5)
  2 orc priests (D:4)
  3 orc wizards
  Ijyb (D:4)
  3 worker ants
  5 adders
  An ooze (D:4)
  An adder skeleton (D:4)
  A worm (D:5)
  A dart slug (D:1)
  2 leopard geckos
  8 orcs
  A giant cockroach (D:5)
  5 goblins
  8 hobgoblins
  13 jackals
  10 kobolds
  2 quokkas
  A ball python (D:4)
  3 bats
  6 frilled lizards
  A quokka skeleton (D:4)
  4 rats
87 creatures vanquished.

Notes
Turn   | Place    | Note
-------+----------+-------------------------------------------
     0 | D:1      | Linguinho the Demonspawn Fighter began the quest for the Orb.
     0 | D:1      | Reached XP level 1. HP: 18/18 MP: 1/1
   115 | D:1      | Gained mutation: Your movements are slightly less encumbered by armour. (ER -2) [demonic ancestry]
   115 | D:1      | Reached XP level 2. HP: 17/24 MP: 2/2
   610 | D:1      | Reached XP level 3. HP: 29/29 MP: 3/3
  1000 | D:2      | Found a glowing golden altar of the Shining One.
  1051 | D:2      | Found a hazy altar of Hepliaklqana.
  1219 | D:2      | Gained mutation: You are partially covered in sharp spines. [demonic ancestry]
  1219 | D:2      | Reached XP level 4. HP: 33/36 MP: 4/4
  1611 | D:3      | Found a white marble altar of Elyvilon.
  2223 | D:4      | Reached skill level 1 in Dodging
  2295 | D:4      | Reached XP level 5. HP: 29/42 MP: 5/5
  2505 | D:4      | Reached skill level 1 in Stealth
  2508 | D:4      | Gained mutation: Your movements are less encumbered by armour. (ER -4) [demonic ancestry]
  2508 | D:4      | Reached XP level 6. HP: 37/48 MP: 6/6
  2626 | D:4      | Noticed Sigmund
  2626 | D:4      | Noticed Ijyb
  2669 | D:4      | Killed Ijyb
  3204 | D:4      | Killed Sigmund
  3653 | D:5      | Entered Level 5 of the Dungeon
  3696 | D:5      | Reached XP level 7. HP: 38/55 MP: 7/7
  3956 | D:5      | Found a blossoming altar of Fedhas.
  4079 | D:5      | Noticed Linguinho's ghost (novice DsFi)
  4101 | D:5      | Succumbed to Linguinho's ghost's poison

Skill      XL: |  1  2  3  4  5  6  7 |
---------------+----------------------+-----
Armour         | 3 4 |  4.2
Shields        | 3 4 |  4.3
Axes           | 2 3 4 |  4.0
Dodging        | 1 2 |  2.4
Fighting       | 4 |  4.5
Stealth        | 1 |  1.3

Action                   |  1- 3 |  4- 6 |  7- 9 || total
-------------------------+-------+-------+-------++-------
Melee: War axe           |   117 |    16 |       ||   133
       Hand axe          |       |   137 |    46 ||   183
  Use: Potion            |       |     2 |     4 ||     6
  Eat: Chunk             |     1 |     7 |     1 ||     9
       Meat ration       |       |     1 |       ||     1
       Fruit             |       |     1 |       ||     1
Armor: Scale mail        |    71 |    51 |    20 ||   142
Dodge: Dodged            |    54 |    44 |    14 ||   112
Block: Shield            |    72 |    63 |    18 ||   153
